[Event "Titled Tuesday Blitz March 15 Late 2022"]
[White "Abdyzhapar, Asylbek"]
[Black "Meduri, Aakaash"]
[WhiteFideId "13800337"]
[BlackFideId "2032252"]
[WhiteElo "2331"]
[BlackElo "2096"]
[Result "0-1"]
[Round "01"]
[TimeControl "180+1"]
[Date "2022.03.16"]
[WhiteClock "0:02:01"]
[BlackClock "0:01:41"]

1. e4 c5 2. Nf3 d6 3. d4 cxd4 4. Nxd4 Nf6 5. Nc3 g6 6. Be3 Bg7 7. f3 O-O 8. Qd2 Nc6 9. O-O-O d5 10. exd5 Nxd5 11. Nxc6 bxc6 12. Bd4 e5 13. Bc5 Be6 14. Ne4 Re8 15. h4 h6 16. Kb1 Qc7 17. h5 g5 18. Bc4 Red8 19. Qf2 Nf4 20. Bb3 Rxd1+ 21. Rxd1 Rd8 22. Bd6 f5 23. Rd2 Qf7 24. Nc5 Bxb3 25. axb3 Qxh5 26. c4 Qf7 27. g4 fxg4 28. fxg4 Qg6+ 29. Ka2 Rxd6 30. Rxd6 Qxd6 31. Ne4 Qd4 32. Qc2 Nd3 0-1


[Site "https://www.chess.com"]

[Event "Titled Tuesday Blitz March 15 Late 2022"]
[White "Albuquerque Junior,Wellington S."]
[Black "Domingo Nunez, Alejandro"]
[WhiteFideId "2151480"]
[BlackFideId "22245561"]
[WhiteElo "2042"]
[BlackElo "2215"]
[Result "0-1"]
[Round "01"]
[TimeControl "180+1"]
[Date "2022.03.16"]
[WhiteClock "0:00:10"]
[BlackClock "0:00:18"]

1. c4 g6 2. g3 Bg7 3. Bg2 d6 4. Nc3 c5 5. e4 Nc6 6. d3 h5 7. h4 Bg4 8. f3 Bd7 9. Nge2 a6 10. Be3 Rb8 11. d4 cxd4 12. Nxd4 Nf6 13. O-O O-O 14. Rc1 Qa5 15. Nb3 Qd8 16. c5 Be6 17. cxd6 exd6 18. Nd4 Bc4 19. Rf2 Ne5 20. Rd2 Ne8 21. b3 Be6 22. Na4 b5 23. Nc3 Rc8 24. Nce2 Rxc1 25. Qxc1 Qa5 26. Nf4 Bd7 27. Nd5 Nf6 28. Nxf6+ Bxf6 29. Rc2 Nd3 30. Qd1 Ne5 31. Qd2 Qd8 32. Bf2 Re8 33. Ne2 Be6 34. Nf4 Bc8 35. Nd5 Bg7 36. Be3 Bb7 37. Bg5 f6 38. Be3 Kh7 39. Kf2 Rf8 40. Kg1 f5 41. exf5 Rxf5 42. Nf4 Bxf3 43. Qc1 Bxg2 44. Kxg2 Qa8+ 45. Kh2 Qf3 46. Rf2 Ng4+ 47. Kh3 Nxf2+ 48. Bxf2 Qxf2 49. Ne6 Qf1+ 50. Qxf1 Rxf1 0-1


[Site "https://www.chess.com"]

[Event "Titled Tuesday Blitz March 15 Late 2022"]
[White "Aldokhin, Ivan"]
[Black "Mangialardo, Tiago Carvalho"]
[WhiteFideId "24115720"]
[BlackFideId "2130718"]
[WhiteElo "2231"]
[BlackElo "2072"]
[Result "1-0"]
[Round "01"]
[TimeControl "180+1"]
[Date "2022.03.16"]
[WhiteClock "0:01:36"]
[BlackClock "0:00:01"]

1. d4 Nf6 2. c4 c5 3. d5 g6 4. Nc3 Bg7 5. e4 d6 6. g3 O-O 7. Bg2 e6 8. Nge2 exd5 9. cxd5 b5 10. Nxb5 Ba6 11. Nbc3 Re8 12. O-O Nbd7 13. Bf4 Ne5 14. Bxe5 Rxe5 15. Qc2 Qe8 16. Rfe1 Rb8 17. Rad1 Re7 18. Nc1 Reb7 19. b3 Nd7 20. Bf1 Bxf1 21. Kxf1 Ne5 22. Kg2 Qd7 23. h3 h5 24. f4 h4 25. fxe5 Bxe5 26. g4 Rb4 27. Nd3 Bxc3 28. Qxc3 Rd4 29. Nf2 1-0


[Site "https://www.chess.com"]

[Event "Titled Tuesday Blitz March 15 Late 2022"]
[White "Alfaro, William"]
[Black "Mekhitarian, Krikor Sevag"]
[WhiteFideId "6100457"]
[BlackFideId "2107660"]
[WhiteElo "2096"]
[BlackElo "2598"]
[Result "1-0"]
[Round "01"]
[TimeControl "180+1"]
[Date "2022.03.16"]
[WhiteClock "0:01:02"]
[BlackClock "0:00:02"]

1. d3 d5 2. g3 e5 3. Bg2 f5 4. Nd2 Nf6 5. e4 fxe4 6. dxe4 d4 7. Ngf3 Bd6 8. Nc4 Qe7 9. O-O O-O 10. c3 c5 11. Re1 Nc6 12. Bg5 Be6 13. Nxd6 Qxd6 14. cxd4 cxd4 15. Rc1 h6 16. Bxf6 Rxf6 17. a3 Raf8 18. Qd3 Bg4 19. Nd2 Rxf2 20. Nc4 Qe6 21. Rf1 Rxg2+ 22. Kxg2 Bh3+ 23. Kg1 Rxf1+ 24. Rxf1 Bxf1 25. Qxf1 Kh7 26. Nd2 Ne7 27. Qb5 b6 28. Qe8 Qf6 29. Qd7 Ng6 30. Kg2 Qg5 31. Nf3 Qe3 32. Qf5 d3 33. Nxe5 Qg5 34. Qxg5 hxg5 35. Nxd3 Ne7 36. Kf3 Kg6 37. Ne5+ Kf6 38. Nd7+ Ke6 39. Nf8+ Kf7 40. Nd7 Ke6 41. Nb8 Ng6 42. Kg4 Kf6 43. Nd7+ Ke6 44. Kxg5 Nf8 45. Nxf8+ 1-0


[Site "https://www.chess.com"]

[Event "Titled Tuesday Blitz March 15 Late 2022"]
[White "Al-Tarboush, Ward"]
[Black "Mohammadian, Mohammad"]
[WhiteFideId "7601450"]
[BlackFideId "12566055"]
[WhiteElo "2276"]
[BlackElo "1544"]
[Result "1-0"]
[Round "01"]
[TimeControl "180+1"]
[Date "2022.03.16"]
[WhiteClock "0:01:20"]
[BlackClock "0:00:04"]

1. e4 e5 2. Nf3 Nc6 3. Bb5 a6 4. Ba4 Nf6 5. O-O Be7 6. Qe2 b5 7. Bb3 d6 8. c3 Na5 9. Bc2 c5 10. d4 Qc7 11. d5 O-O 12. b3 Bg4 13. h3 Bh5 14. Re1 Nb7 15. Nbd2 Qd7 16. Nf1 a5 17. Ng3 Bg6 18. Be3 b4 19. Bd3 Qc7 20. Rec1 Qd8 21. Bd2 Qb8 22. Bb5 Rd8 23. Bc6 Ra7 24. a3 Rc8 25. cxb4 axb4 26. axb4 cxb4 27. Rxa7 Qxa7 28. Bxb4 Nc5 29. Bxc5 dxc5 30. Nxe5 Bd6 31. Nxg6 hxg6 32. e5 Qa3 33. Re1 Bxe5 34. Qxe5 Qxb3 35. Qe3 c4 36. Qxb3 cxb3 37. Rb1 Rb8 38. d6 b2 39. d7 Rd8 40. Rxb2 Nxd7 41. Rd2 Kf8 42. Rxd7 Rb8 43. Bd5 1-0


[Site "https://www.chess.com"]

[Event "Titled Tuesday Blitz March 15 Late 2022"]
[White "Ambartsumova, Karina"]
[Black "Sarkar, Justin"]
[WhiteFideId "4166299"]
[BlackFideId "2010011"]
[WhiteElo "2262"]
[BlackElo "2038"]
[Result "1-0"]
[Round "01"]
[TimeControl "180+1"]
[Date "2022.03.16"]
[WhiteClock "0:01:09"]
[BlackClock "0:00:01"]

1. c4 d6 2. d4 e5 3. Nc3 exd4 4. Qxd4 Nf6 5. g3 Nc6 6. Qd2 g6 7. Bg2 Bg7 8. Nh3 O-O 9. Nf4 Bf5 10. O-O Re8 11. f3 g5 12. Nfd5 Nxd5 13. cxd5 Bd4+ 14. Kh1 Be3 15. Qd1 Nb4 16. Bxe3 Rxe3 17. Qd2 Re8 18. e4 Bg6 19. Rac1 a5 20. Qd4 f5 21. f4 gxf4 22. Rxf4 1-0


[Site "https://www.chess.com"]

[Event "Titled Tuesday Blitz March 15 Late 2022"]
[White "Amburgy, Ryan"]
[Black "Ladan, Nicholas"]
[WhiteFideId "30924820"]
[BlackFideId "30918855"]
[WhiteElo "2066"]
[BlackElo "2167"]
[Result "1-0"]
[Round "01"]
[TimeControl "180+1"]
[Date "2022.03.16"]
[WhiteClock "0:00:15"]
[BlackClock "0:00:04"]

1. d4 d5 2. Nc3 Nf6 3. Bf4 e6 4. Nb5 Bd6 5. Nxd6+ cxd6 6. e3 O-O 7. Nf3 Nc6 8. c3 Ne4 9. h3 Re8 10. Be2 e5 11. Bh2 Bf5 12. O-O h6 13. Qb3 exd4 14. cxd4 Qa5 15. Rac1 Re7 16. Bb5 Rc8 17. Qxd5 Be6 18. Qxe4 Qxb5 19. Bxd6 Bd5 20. Qg4 Re6 21. Ba3 Rce8 22. Nh4 Re4 23. Qg3 Be6 24. Rc5 Qe2 25. Qf3 Qd3 26. Nf5 Bxf5 27. Qxf5 Nxd4 28. Qd5 Ne2+ 29. Kh2 Qa6 30. Rd1 R4e5 31. Qd6 b6 32. Rxe5 Rxe5 33. Qxe5 Qa4 34. Rd8+ Kh7 35. Qf5+ 1-0


[Site "https://www.chess.com"]

[Event "Titled Tuesday Blitz March 15 Late 2022"]
[White "Andreikin, Dmitry"]
[Black "Roberson, Peter T"]
[WhiteFideId "4158814"]
[BlackFideId "412384"]
[WhiteElo "2736"]
[BlackElo "2346"]
[Result "1-0"]
[Round "01"]
[TimeControl "180+1"]
[Date "2022.03.15"]
[WhiteClock "0:00:55"]
[BlackClock "0:00:01"]

1. b3 e5 2. Bb2 Nc6 3. e3 d5 4. Bb5 Ne7 5. Bxe5 a6 6. Bxc6+ Nxc6 7. Bb2 Qg5 8. Qf3 Bd6 9. h4 Qg6 10. h5 Qxc2 11. Bxg7 Rg8 12. h6 Ne5 13. Qxd5 Qb2 14. Qd4 Qc1+ 15. Ke2 Bd7 16. Bxe5 Bb5+ 17. d3 O-O-O 18. Nd2 Qc2 19. Qc3 Bxd3+ 20. Qxd3 Qxd3+ 21. Kxd3 Bxe5+ 22. Ke2 Bxa1 23. g3 Bc3 24. Ne4 Be5 25. Nf3 Bd6 26. Nf6 Rg6 27. Nxh7 Rh8 28. Nhg5 Rhxh6 29. Rxh6 Rxh6 30. Nxf7 Rf6 31. N7g5 Kd7 32. e4 Rh6 33. e5 Bc5 34. Nh4 Rc6 35. Nf5 Be7 36. Nxe7 Kxe7 37. f4 Rc2+ 38. Ke3 Rxa2 39. f5 Ra3 40. f6+ Ke8 41. e6 Rxb3+ 42. Kf4 Rb5 43. Nh7 1-0


[Site "https://www.chess.com"]

[Event "Titled Tuesday Blitz March 15 Late 2022"]
[White "Ansh M Shah"]
[Black "Thavandiran, Shiyam"]
[WhiteFideId "25033379"]
[BlackFideId "2605058"]
[WhiteElo "1819"]
[BlackElo "2357"]
[Result "1-0"]
[Round "01"]
[TimeControl "180+1"]
[Date "2022.03.16"]
[WhiteClock "0:00:22"]
[BlackClock "0:00:03"]

1. d4 e6 2. c4 Bb4+ 3. Bd2 a5 4. Nf3 Nf6 5. g3 d5 6. Bg2 dxc4 7. a3 Be7 8. O-O O-O 9. Ne5 Qxd4 10. Bc3 Qxd1 11. Rxd1 Nd5 12. Nxc4 Nxc3 13. Nxc3 Bf6 14. Nb5 Na6 15. e4 e5 16. Nxa5 Nc5 17. b4 Ne6 18. Rac1 b6 19. Nb3 Bb7 20. Nxc7 Rxa3 21. Nxe6 fxe6 22. Nd2 Ba6 23. Nc4 Bxc4 24. Rxc4 h5 25. h4 Rfa8 26. Rc6 Ra1 27. Rxa1 Rxa1+ 28. Kh2 Ra2 29. f3 b5 30. Rb6 Rb2 31. Rxb5 Kf7 32. Rb8 Be7 33. b5 Bc5 34. Rb7+ Kf6 35. Kh3 Bf2 36. Rb8 g6 37. b6 Bxb6 38. Rb7 Rb4 39. Rb8 Rb3 40. Rf8+ Ke7 41. Rg8 Kf7 42. Rb8 Rb2 43. Rb7+ Kf6 44. Bf1 Rb1 45. Bg2 Rb2 46. Rb8 Rb3 47. Rf8+ Ke7 48. Rh8 Bd4 49. Rh7+ Kf6 50. Rh8 Rb1 51. Rf8+ Kg7 52. Rc8 Kf6 53. Rc2 Rb3 54. Rc8 Re3 55. Rf8+ Ke7 56. Rg8 Kf7 57. Rb8 Re2 58. Rb7+ Kf8 59. Rb1 Kg7 60. Rf1 Rc2 61. Rb1 Bb2 62. Bf1 Kf6 63. Bd3 Rd2 64. Bf1 Bd4 65. Bg2 Rd3 66. Rb8 g5 67. hxg5+ Kxg5 68. Rg8+ Kh6 69. Rh8+ Kg6 70. Rg8+ Kh7 71. Re8 Bf2 72. Rxe6 Bd4 73. Re7+ Kg6 74. Re8 Kf7 75. Rh8 Kg6 76. Rb8 Rd2 77. Rc8 Kg5 78. Rc6 Ra2 79. Rd6 Ra3 80. f4+ exf4 81. Rxd4 Rxg3+ 82. Kh2 h4 83. Rd5+ Kg6 84. Rf5 f3 85. Rxf3 Rg4 86. Re3 Kf6 87. Kh3 Rf4 88. Rf3 Ke5 89. Rxf4 Kxf4 90. Kxh4 Ke5 91. Kg5 1-0


[Site "https://www.chess.com"]

[Event "Titled Tuesday Blitz March 15 Late 2022"]
[White "Araujo Filho, Luiz Antonio Coel"]
[Black "Vlassov, Nikolai"]
[WhiteFideId "2130661"]
[BlackFideId "4103360"]
[WhiteElo "2205"]
[BlackElo "2407"]
[Result "0-1"]
[Round "01"]
[TimeControl "180+1"]
[Date "2022.03.16"]
[WhiteClock "0:00:30"]
[BlackClock "0:02:27"]

1. d4 Nf6 2. Nf3 e6 3. e3 c5 4. Bd3 b6 5. Nbd2 Bb7 6. Qe2 Be7 7. O-O d6 8. c3 Nbd7 9. e4 Qc7 10. e5 dxe5 11. dxe5 Nd5 12. g3 h5 13. a4 h4 14. Nc4 hxg3 15. fxg3 O-O-O 16. Bd2 Rh5 17. Rf2 Rdh8 18. b4 f6 19. Nd6+ Bxd6 20. exd6 Qxd6 21. Re1 Nxc3 22. Bxc3 Qxg3+ 23. hxg3 Rh1+ 24. Kg2 R8h2# 0-1


[Site "https://www.chess.com"]

[Event "Titled Tuesday Blitz March 15 Late 2022"]
[White "Artemenko, Oleg"]
[Black "Oro, Luis"]
[WhiteFideId "14201798"]
[BlackFideId "104094"]
[WhiteElo "2287"]
[BlackElo "2260"]
[Result "1-0"]
[Round "01"]
[TimeControl "180+1"]
[Date "2022.03.16"]
[WhiteClock "0:00:23"]
[BlackClock "0:00:01"]

1. d4 Nf6 2. Nc3 d5 3. Bf4 c5 4. e3 cxd4 5. exd4 Bg4 6. Nf3 Nc6 7. Bb5 e6 8. h3 Bh5 9. g4 Bg6 10. Ne5 Rc8 11. Nxg6 hxg6 12. Ne2 Bd6 13. Bxd6 Qxd6 14. Bxc6+ Rxc6 15. c3 Nxg4 16. Qd3 Nf6 17. O-O-O Ke7 18. Kb1 a6 19. Qe3 Rhc8 20. Nf4 Kd7 21. Nd3 Ke7 22. Ne5 R6c7 23. h4 Rh8 24. Rdg1 Ke8 25. Nd3 Ne4 26. Rh3 b5 27. f3 Nf6 28. Nc5 Nd7 29. Nd3 a5 30. h5 Nf8 31. Rhh1 b4 32. hxg6 Nxg6 33. Rxh8+ Nxh8 34. Rxg7 Ng6 35. Nc5 bxc3 36. bxc3 Qh2 37. Rg8+ Ke7 38. Qg5+ Kd6 39. Qd8+ Kc6 40. Qa8+ Kd6 41. Qa6+ Ke7 42. Qb6 Qh1+ 43. Kb2 Qh2+ 44. Ka3 Qg3 45. Qb8 Qh2 46. Qd8# 1-0


[Site "https://www.chess.com"]

[Event "Titled Tuesday Blitz March 15 Late 2022"]
[White "Babazada, Khazar"]
[Black "Jaskolka, Tomasz"]
[WhiteFideId "13413554"]
[BlackFideId "1170791"]
[WhiteElo "2418"]
[BlackElo "2073"]
[Result "1-0"]
[Round "01"]
[TimeControl "180+1"]
[Date "2022.03.16"]
[WhiteClock "0:00:17"]
[BlackClock "0:00:11"]

1. Nf3 Nf6 2. c4 c6 3. b3 d5 4. Bb2 Bf5 5. g3 e6 6. Bg2 Nbd7 7. O-O Be7 8. d3 O-O 9. Nbd2 Bg6 10. a3 h6 11. Qc2 Rc8 12. Rad1 Qc7 13. Rfe1 Rfd8 14. Nf1 Qb8 15. Ne3 e5 16. Nh4 d4 17. Nxg6 fxg6 18. Nf1 Kh7 19. e3 dxe3 20. Nxe3 Bc5 21. b4 Bd4 22. c5 Rf8 23. Bxd4 exd4 24. Nc4 Ng4 25. Re2 Rce8 26. Rf1 Rxe2 27. Qxe2 Nge5 28. Nd6 Nf7 29. Qe6 Nxd6 30. Qxd7 Nf5 31. Be4 Rd8 32. Qe6 Re8 33. Qf7 Re7 34. Qc4 Qe5 35. Re1 Qf6 36. Qc1 Qf7 37. Qf4 Qe6 38. h4 Qe5 39. Qf3 Rf7 40. h5 gxh5 41. Qxh5 g6 42. Qh3 Qf6 43. Bxf5 Qxf5 44. Qxf5 gxf5 45. Re5 Kg6 46. Kg2 Kf6 47. Re8 Re7 48. Rxe7 Kxe7 49. Kh3 Kf6 50. Kh4 Kg6 51. f3 b6 52. b5 bxc5 53. bxc6 c4 54. c7 cxd3 55. c8=Q d2 56. Qe6+ 1-0


[Site "https://www.chess.com"]

[Event "Titled Tuesday Blitz March 15 Late 2022"]
[White "Baches Garcia, Guillermo"]
[Black "Moussard, Jules"]
[WhiteFideId "2209764"]
[BlackFideId "642908"]
[WhiteElo "2447"]
[BlackElo "2557"]
[Result "0-1"]
[Round "01"]
[TimeControl "180+1"]
[Date "2022.03.16"]
[WhiteClock "0:00:14"]
[BlackClock "0:01:07"]

1. e4 c6 2. Nc3 d5 3. Nf3 dxe4 4. Nxe4 Nf6 5. Qe2 Nxe4 6. Qxe4 Nd7 7. d4 Nf6 8. Qf4 Qa5+ 9. c3 Bf5 10. b4 Qd5 11. c4 Qe4+ 12. Qxe4 Bxe4 13. Be2 e6 14. Bd2 O-O-O 15. Bc3 Bg6 16. a3 Bd6 17. O-O Bc7 18. Bb2 Rd7 19. Rfd1 Rhd8 20. Ne5 Bxe5 21. dxe5 Ne4 22. Rxd7 Rxd7 23. Rd1 Rxd1+ 24. Bxd1 c5 25. f3 Nd2 26. Be2 b6 27. Kf2 Nb3 28. Ke3 a5 29. Bd1 a4 30. Bxb3 axb3 31. b5 Kc7 32. g4 Bc2 33. h4 Bd1 34. g5 h5 35. gxh6 gxh6 36. f4 Kd7 37. Kd2 Bc2 38. a4 Ke7 39. Ke3 Bd1 40. Kd2 Bf3 41. Ke3 Bg2 42. Kf2 Bh1 43. Kg1 Be4 44. Kf2 Bd3 45. a5 bxa5 46. b6 Kd7 47. Ba3 Bxc4 48. Ke3 Kc6 0-1


[Site "https://www.chess.com"]

[Event "Titled Tuesday Blitz March 15 Late 2022"]
[White "Badelka, Olga"]
[Black "Urazayev, Arystanbek"]
[WhiteFideId "13509926"]
[BlackFideId "13709810"]
[WhiteElo "2165"]
[BlackElo "2393"]
[Result "1-0"]
[Round "01"]
[TimeControl "180+1"]
[Date "2022.03.16"]
[WhiteClock "0:00:24"]
[BlackClock "0:01:17"]

1. g3 d5 2. Bg2 Nf6 3. Nf3 e6 4. c4 dxc4 5. Qa4+ Nbd7 6. Qxc4 a6 7. O-O b5 8. Qc2 Bb7 9. d3 c5 10. a4 Qb6 11. Nc3 Be7 12. Bf4 O-O-O 13. axb5 axb5 14. b4 Nh5 15. bxc5 Qxc5 16. Be3 Qc7 17. Rfc1 Nb8 18. Nxb5 Qxc2 19. Rxc2+ Nc6 20. Ne5 Bf6 21. Bxc6 Bxe5 22. Be8+ Kb8 23. Ba7+ Ka8 24. Bd4+ Ba6 25. Rxa6+ Kb8 26. Bxe5+ Kb7 27. Ra7+ Kb6 28. Bc7# 1-0


[Site "https://www.chess.com"]

[Event "Titled Tuesday Blitz March 15 Late 2022"]
[White "Batsiashvili, Nino"]
[Black "Beerdsen, Thomas"]
[WhiteFideId "13602993"]
[BlackFideId "1030108"]
[WhiteElo "2192"]
[BlackElo "2585"]
[Result "0-1"]
[Round "01"]
[TimeControl "180+1"]
[Date "2022.03.16"]
[WhiteClock "0:00:57"]
[BlackClock "0:01:38"]

1. d4 d5 2. c4 Nc6 3. e3 e5 4. cxd5 Qxd5 5. Nc3 Bb4 6. Bd2 Bxc3 7. bxc3 Qd6 8. Ne2 Nf6 9. Ng3 h5 10. Bd3 h4 11. Ne4 Nxe4 12. Bxe4 h3 13. g4 Be6 14. Qf3 Bc4 15. Rb1 Ba6 16. Bxc6+ bxc6 17. Qe4 O-O 18. Qxe5 Qa3 19. Rg1 Qxa2 20. Rc1 Qc4 0-1


[Site "https://www.chess.com"]

[Event "Titled Tuesday Blitz March 15 Late 2022"]
[White "Bok, Benjamin"]
[Black "Przybylski, Wojciech"]
[WhiteFideId "1017063"]
[BlackFideId "1117599"]
[WhiteElo "2658"]
[BlackElo "2133"]
[Result "1-0"]
[Round "01"]
[TimeControl "180+1"]
[Date "2022.03.15"]
[WhiteClock "0:00:16"]
[BlackClock "0:00:06"]

1. d4 Nf6 2. c4 e6 3. Nc3 Bb4 4. Qc2 d5 5. a3 Bxc3+ 6. Qxc3 O-O 7. Bg5 dxc4 8. Qxc4 b6 9. Rd1 Ba6 10. Qa4 Qd7 11. Qc2 Bb7 12. Bxf6 gxf6 13. Nf3 Qc6 14. Qd2 Nd7 15. h4 Rfe8 16. Qh6 Qc2 17. e3 Be4 18. Nd2 Bf5 19. g4 Bd3 20. g5 Bxf1 21. Rxf1 Qg6 22. Qxg6+ hxg6 23. Ke2 f5 24. Rc1 c5 25. dxc5 Nxc5 26. b4 Nd7 27. Rc7 Ne5 28. Rfc1 Red8 29. Rb7 Nd3 30. Rcc7 Nxf2 31. Rxf7 Ne4 32. Nxe4 fxe4 33. Rg7+ Kh8 34. Rxg6 Rac8 35. Rh6+ Kg8 36. Rg6+ Kh8 37. Kf2 Rf8+ 38. Rf6 Rxf6+ 39. gxf6 Rf8 40. f7 Kg7 41. Rxa7 Rc8 42. Kg3 Rc3 43. Kf4 Rc4 44. h5 Kf8 45. h6 Rc1 46. h7 Rh1 47. h8=Q+ Rxh8 48. Ra8+ 1-0


[Site "https://www.chess.com"]

[Event "Titled Tuesday Blitz March 15 Late 2022"]
[White "Bongo Akanga Ndjila, Barthelemy"]
[Black "Shuvalova, Polina"]
[WhiteFideId "10609431"]
[BlackFideId "24171760"]
[WhiteElo "1803"]
[BlackElo "2355"]
[Result "0-1"]
[Round "01"]
[TimeControl "180+1"]
[Date "2022.03.16"]
[WhiteClock "0:01:17"]
[BlackClock "0:02:13"]

1. d4 Nf6 2. c4 e6 3. Nf3 d5 4. Nc3 c5 5. cxd5 exd5 6. g3 Nc6 7. Bg2 cxd4 8. Nxd4 Bc5 9. Nb3 Bb6 10. O-O d4 11. Na4 O-O 12. Nxb6 axb6 13. Bg5 Re8 14. e3 d3 15. Nc1 Bf5 16. Bxf6 Qxf6 17. e4 Bxe4 18. Bxe4 Rxe4 19. Qxd3 Rae8 20. Nb3 h5 21. h4 Qxb2 22. Nd2 Rd4 23. Rab1 Qxd2 24. Qxd2 Rxd2 25. Rxb6 Re7 26. a4 Ra2 27. Rfb1 Rxa4 28. Rxb7 Rxb7 29. Rxb7 g6 30. Rc7 Nd4 31. Kg2 Ne6 32. Rc3 Kg7 33. Rb3 Kf6 34. Rd3 Ra2 35. Rf3+ Ke7 36. Re3 Kf6 37. Rf3+ Kg7 38. Rb3 Nc5 39. Rc3 Rxf2+ 40. Kxf2 Ne4+ 41. Ke3 Nxc3 42. Kd4 Ne2+ 0-1


[Site "https://www.chess.com"]

[Event "Titled Tuesday Blitz March 15 Late 2022"]
[White "Brunner, Nicolas"]
[Black "Fier, Alexandr"]
[WhiteFideId "620246"]
[BlackFideId "2107139"]
[WhiteElo "2372"]
[BlackElo "2571"]
[Result "1-0"]
[Round "01"]
[TimeControl "180+1"]
[Date "2022.03.16"]
[WhiteClock "0:00:13"]
[BlackClock "0:01:47"]

1. d4 c5 2. d5 Nf6 3. c4 e6 4. Nc3 exd5 5. cxd5 d6 6. Nf3 g6 7. e4 Bg7 8. Be2 O-O 9. Be3 Re8 10. Nd2 Nfd7 11. O-O a6 12. a4 b6 13. Kh1 Bb7 14. Qc2 Qc7 15. f4 Nf6 16. Nc4 Nbd7 17. Bf3 Rad8 18. Rae1 Qb8 19. Bf2 Ba8 20. Bg3 b5 21. axb5 axb5 22. Nxd6 Qxd6 23. e5 Qb6 24. exf6 Bxf6 25. Rxe8+ Rxe8 26. Rd1 b4 27. Ne4 Bd4 28. Nd2 Nf6 29. Nc4 Qa6 30. d6 Bxf3 31. gxf3 Nd5 32. f5 Qc6 33. Kg2 Nf6 34. fxg6 hxg6 35. b3 Nd5 36. Qd2 Ne3+ 37. Nxe3 Rxe3 38. Rf1 Qe8 39. Kh1 Rxb3 40. Qg5 Rb2 41. Re1 Qd7 42. Qe7 Qh3 43. Qe8+ Kg7 44. Be5+ f6 45. Qe7+ Kh6 46. Qf8+ Kg5 47. Qxf6+ Kh5 48. Qh8+ Kg5 49. Qxh3 1-0


[Site "https://www.chess.com"]

[Event "Titled Tuesday Blitz March 15 Late 2022"]
[White "Bryakin, Mikhail"]
[Black "Hoffmann, Asa"]
[WhiteFideId "4165314"]
[BlackFideId "2001470"]
[WhiteElo "2417"]
[BlackElo "2117"]
[Result "1-0"]
[Round "01"]
[TimeControl "180+1"]
[Date "2022.03.16"]
[WhiteClock "0:00:27"]
[BlackClock "0:00:19"]

1. e4 d6 2. d4 Nf6 3. Nc3 c6 4. a4 Qa5 5. Bd2 e5 6. Nf3 Bg4 7. dxe5 dxe5 8. Nd5 Qd8 9. Nxf6+ Qxf6 10. Be2 h6 11. O-O Nd7 12. h3 Bh5 13. Ne1 Bg6 14. f3 Bc5+ 15. Kh2 a5 16. Bc4 Rd8 17. Qe2 b6 18. Nd3 Bd6 19. Be3 O-O 20. Rfd1 Qe7 21. Nf2 Bc5 22. Ng4 h5 23. Bxc5 Nxc5 24. Ne3 Rxd1 25. Qxd1 Rd8 26. Qe2 Ne6 27. c3 Nf4 28. Qe1 Qc5 29. b3 Qe7 30. Rd1 Rxd1 31. Qxd1 Qc5 32. Qd2 h4 33. b4 axb4 34. cxb4 Qd4 35. Qxd4 exd4 36. Ng4 d3 37. a5 d2 38. Ne3 b5 39. a6 bxc4 40. a7 c3 41. a8=Q+ Kh7 42. Qxc6 Ne2 43. Qc4 Ng3 44. Kg1 f5 45. Kf2 fxe4 46. Qxc3 exf3 47. gxf3 Be4 48. Qxd2 1-0


[Site "https://www.chess.com"]

[Event "Titled Tuesday Blitz March 15 Late 2022"]
[White "Cagara, Paulina"]
[Black "Zhurbinsky, David"]
[WhiteFideId "1124870"]
[BlackFideId "2072904"]
[WhiteElo "1780"]
[BlackElo "2600"]
[Result "0-1"]
[Round "01"]
[TimeControl "180+1"]
[Date "2022.03.16"]
[WhiteClock "0:00:01"]
[BlackClock "0:00:08"]

1. e4 e5 2. Nf3 Nc6 3. c3 Nf6 4. d4 d6 5. Be2 Bg4 6. O-O Be7 7. Nbd2 O-O 8. h3 Bh5 9. Qc2 exd4 10. cxd4 Re8 11. Bd3 Bf8 12. a3 h6 13. b4 a6 14. Bb2 Qd7 15. Rac1 Rac8 16. Qb1 g6 17. d5 Ne5 18. Nxe5 dxe5 19. f4 Bg7 20. fxe5 Nh7 21. e6 fxe6 22. dxe6 Bd4+ 23. Kh1 Qg7 24. Bxd4 Qxd4 25. Nb3 Qe3 26. Rce1 Qg5 27. Rf7 Rxe6 28. Ref1 Nf6 29. Bc4 Kxf7 30. Nc5 Re8 31. Qb3 Qe5 32. Nxe6 Rxe6 33. Qd3 Ke7 34. Bxe6 Qxe6 35. g4 Bxg4 36. hxg4 Nxg4 37. Qf3 Nf6 38. Re1 Qe5 39. Rg1 g5 40. Qf5 Qd4 41. e5 Qd5+ 42. Rg2 Qd1+ 43. Kh2 Qh5+ 44. Kg1 Qd1+ 45. Qf1 Qd4+ 46. Qf2 Qxe5 47. Qe2 Ne4 48. Rg4 Qd4+ 49. Kh2 Qf2+ 50. Qxf2 Nxf2 51. Rd4 Ke6 52. Kg2 Ke5 53. Rd7 Ne4 54. Rxc7 b5 55. Rc6 Kd5 56. Rxa6 h5 57. Rb6 Kc4 58. Rh6 h4 59. Re6 Kd4 60. Kf3 Nd2+ 61. Kg4 Nc4 62. Kxg5 h3 63. Rh6 Nxa3 64. Rxh3 Nc2 65. Kf5 Nxb4 66. Rh4+ Kc3 67. Ke6 Nd3 68. Kd5 b4 69. Rh3 b3 0-1


[Site "https://www.chess.com"]

[Event "Titled Tuesday Blitz March 15 Late 2022"]
[White "Cervantes Landeiro, Thalia"]
[Black "Demchenko, Anton"]
[WhiteFideId "3520498"]
[BlackFideId "4160258"]
[WhiteElo "2021"]
[BlackElo "2539"]
[Result "1-0"]
[Round "01"]
[TimeControl "180+1"]
[Date "2022.03.16"]
[WhiteClock "0:01:25"]
[BlackClock "0:02:35"]

1. d4 Nf6 2. c4 d6 3. Nc3 e5 4. e4 exd4 5. Qxd4 Nc6 6. Qd1 g6 7. Nf3 Bg7 8. Be2 O-O 9. O-O Re8 10. Qc2 Ng4 11. h3 Nge5 12. Nxe5 dxe5 13. Be3 Nd4 14. Qd2 c6 15. Rad1 Qc7 16. Bg4 Bxg4 17. hxg4 Rad8 18. Qc1 1-0


[Site "https://www.chess.com"]

[Event "Titled Tuesday Blitz March 15 Late 2022"]
[White "Chigaev, Maksim"]
[Black "Ciolek, Andreas"]
[WhiteFideId "4108116"]
[BlackFideId "12906727"]
[WhiteElo "2502"]
[BlackElo "2215"]
[Result "1-0"]
[Round "01"]
[TimeControl "180+1"]
[Date "2022.03.15"]
[WhiteClock "0:02:42"]
[BlackClock "0:02:13"]

1. d4 Nf6 2. Nf3 g6 3. c4 Bg7 4. Nc3 O-O 5. e4 d6 6. Be2 Nbd7 7. O-O e5 8. Be3 Qe7 9. Qc2 c6 10. d5 c5 11. Bg5 h6 12. Bd2 Kh8 13. a3 Ng8 14. b4 b6 15. Rab1 f5 16. exf5 gxf5 17. g3 Ndf6 18. Nh4 e4 19. Ng6+ 1-0


[Site "https://www.chess.com"]

[Event "Titled Tuesday Blitz March 15 Late 2022"]
[White "Chiu, Isaac"]
[Black "Eames, Robert S"]
[WhiteFideId "30900654"]
[BlackFideId "408743"]
[WhiteElo "2117"]
[BlackElo "2105"]
[Result "1-0"]
[Round "01"]
[TimeControl "180+1"]
[Date "2022.03.16"]
[WhiteClock "0:01:39"]
[BlackClock "0:00:01"]

1. c4 f5 2. g3 Nf6 3. Bg2 e6 4. Nc3 d5 5. d4 c6 6. Nh3 Bd6 7. O-O O-O 8. Bf4 Be7 9. Rc1 Nbd7 10. Qc2 Ne4 11. f3 Nd6 12. c5 Nf7 13. e4 g5 14. Be3 Nh6 15. b4 a6 16. Rce1 b5 17. Qd2 Nf7 18. g4 f4 19. Bf2 a5 20. a3 axb4 21. axb4 h6 22. Kh1 Nf6 23. Ng1 h5 24. gxh5 Nxh5 25. Bh3 e5 26. exd5 Bxh3 27. Nxh3 Qd7 28. Ng1 cxd5 29. dxe5 d4 30. e6 Qc6 31. exf7+ Rxf7 32. Qxd4 Rd8 33. Qe4 1-0


[Site "https://www.chess.com"]